 Dungeon Crawl Stone Soup version 0.19.0-19-g8c6edcc (webtiles) character file.

26 Lochraine the Magician (level 2, -2/20 HPs)
             Began as a Demigod Wizard on Nov 12, 2016.
             Killed from afar by Natasha (7 damage)
             ... with a magic dart
             ... on level 2 of the Dungeon.
             The game lasted 00:02:13 (827 turns).

Lochraine the Magician (Demigod Wizard)              Turns: 827, Time: 00:02:14

Health: -2/20      AC:  3    Str: 10    XL:     2   Next: 69%
Magic:  0/8        EV: 12    Int: 22    God:
Gold:   50         SH:  0    Dex: 14    Spells: 2 memorised, 4 levels left

rFire  . . .     SeeInvis .     f - +0 mace
rCold  . . .     Gourm    .     o - +0 leather armour
rNeg   . . .     Faith    .     (no shield)
rPois  .         Spirit   .     b - +0 hat
rElec  .         Reflect  .     (no cloak)
rCorr  .         Harm     .     (no gloves)
MR     .....                    (no boots)
Stlth  ++........               (no amulet)
                                (no ring)
                                (no ring)

@: very slightly contaminated, slowed, very slow
A: high mp 1
a: no special abilities


You were on level 2 of the Dungeon.
You were not hungry.

You visited 1 branch of the dungeon, and saw 2 of its levels.

You collected 50 gold pieces.

Inventory:

Hand Weapons
 e - a +0 club
 f - a +0 mace (weapon)
Armour
 a - a +0 robe
 b - a +0 hat (worn)
 o - a +0 leather armour (worn)
Jewellery
 t - an uncursed ring of wizardry {unknown}
Scrolls
 g - 2 scrolls of identify {unknown}
 j - a scroll of fog {unknown}
 l - 2 scrolls of recharging {unknown}
 m - a scroll of random uselessness {unknown}
 q - a scroll of remove curse {unknown}
Potions
 h - a potion of curing {unknown}
 i - a potion of flight {unknown}
 k - a potion of lignification {unknown}
 n - 2 potions of haste {unknown}
 s - a potion of heal wounds {unknown}
Books
 c - a book of Minor Magic

   Spells                             Type                      Level
   a - Magic Dart                     Conjuration                  1
   b - Blink                          Translocation                2
   c - Call Imp                       Summoning                    2
   d - Repel Missiles                 Charms/Air                   2
   e - Slow                           Hexes                        2
   f - Conjure Flame                  Conjuration/Fire             3
   g - Mephitic Cloud                 Conjuration/Poison/Air       3
Comestibles
 d - a bread ration
 p - a meat ration
 r - 2 chunks of flesh


   Skills:
 - Level 1.7 Dodging
 - Level 1.7 Stealth
 + Level 3.2 Spellcasting
 + Level 1.8 Conjurations
   Level 0.8 Summonings
 - Level 0.8 Translocations


You had 4 spell levels left.
You knew the following spells:

 Your Spells              Type           Power        Failure   Level  Hunger
a - Magic Dart            Conj           ##..         10%         1    None
b - Blink                 Tloc           N/A          21%         2    ##.....


Dungeon Overview and Level Annotations

Branches:
Dungeon (2/15)

Annotations:
D:2 Natasha


Innate Abilities, Weirdness & Mutations

You have an increased reservoir of magic. (+10% MP)


Message History

Casting: Magic Dart
Confirm with . or Enter, or press ? or * to list all spells.
Aiming: Magic Dart
Press: ? - help, Shift-Dir - straight line, f/p - Natasha
Aim: Natasha (heavily wounded)
The magic dart hits Natasha.
Natasha is heavily wounded.
Natasha claws you!
* * * LOW HITPOINT WARNING * * *
Natasha closely misses you.
Casting: Magic Dart
Confirm with . or Enter, or press ? or * to list all spells.
Aiming: Magic Dart
Press: ? - help, Shift-Dir - straight line, f/p - Natasha
Aim: Natasha (heavily wounded)
The magic dart hits Natasha.
Natasha is heavily wounded.
Natasha casts a spell at you. The magic dart hits you!
You die...

).....# . ........##.
#.#.%.........
#.#.....##...
#.#......#..## .##
#.#..........##..#[
#.#b?..............
#.#h...##........[.
#.@##<###..##..#...
##.##.#............
#.................
#.....###.........
#..#.## ##..##.)..
#..#.# #......##
...$..# #.#..#.##
........ ...#.##..#
#..#............###.#


You could see Natasha and a bat.

Vanquished Creatures
  An ooze (D:2)
  2 dart slugs
  A leopard gecko (D:1)
  3 bats (D:1)
  4 goblins
  3 hobgoblins
  2 kobolds (D:1)
  A rat (D:1)
17 creatures vanquished.

Notes
Turn   | Place    | Note
-------+----------+-------------------------------------------
     0 | D:1      | Lochraine the Demigod Wizard began the quest for the Orb.
     0 | D:1      | Reached XP level 1. HP: 14/14 MP: 6/6
    13 | D:1      | Reached skill level 1 in Conjurations
   232 | D:1      | Reached XP level 2. HP: 19/20 MP: 5/8
   285 | D:1      | Reached skill level 3 in Spellcasting
   377 | D:1      | Learned a level 2 spell: Blink
   815 | D:2      | Noticed Natasha
   827 | D:2      | Killed from afar by Natasha

Skill      XL: |  1  2 |
---------------+-------+-----
Conjurations   | 1 |  1.8
Spellcasting   | 3 |  3.2
Dodging        | |  1.7
Stealth        | |  1.7
Summonings     | |  0.8
Translocations | |  0.8

Action                   || total
-------------------------++-------
Melee: Club              ||    20
       Mace              ||    28
 Cast: Magic Dart        ||    29
 Stab: Sleeping          ||     1
Armor: Robe              ||    13
       Leather armour    ||    14
Dodge: Dodged            ||    69
